 Dungeon Crawl Stone Soup version 0.27-a0-1278-g6cbc8dfb29 (webtiles) character file.

Game seed: 16375084872572172655

72 ZappyNine the Magician (level 4, -4/25 HPs)
             Began as a Deep Elf Fire Elementalist on June 12, 2021.
             Shot with an arrow by a centaur (13 damage)
             ... on level 3 of the Dungeon.
             The game lasted 00:02:15 (2618 turns).

ZappyNine the Magician (Deep Elf Fire Elementalist) Turns: 2618, Time: 00:02:15

Health: -4/25      AC:  3    Str:  5    XL:     4   Next: 7%
Magic:  5/12       EV: 12    Int: 21    God:
Gold:   198        SH:  0    Dex: 15    Spells: 10/11 levels left

rFire    . . .     SeeInvis .   c - +0 dagger
rCold    . . .     Faith    .   (no shield)
rNeg     . . .     Spirit   .   a - +0 robe
rPois    .         Reflect  .   (no helmet)
rElec    .         Harm     .   (no cloak)
rCorr    .         Rampage  .   (no gloves)
Will     .....                  l - +0 pair of boots
Stlth    ++........             (no amulet)
HPRegen  0.08/turn              (no ring)
MPRegen  0.13/turn              (no ring)

@: no status effects
A: no striking features
a: no special abilities


You were on level 3 of the Dungeon.
You visited 1 branch of the dungeon, and saw 3 of its levels.

You collected 198 gold pieces.

Inventory:

Hand Weapons
 c - a +0 dagger (weapon)
Armour
 a - a +0 robe (worn)
 l - a +0 pair of boots (worn)
Scrolls
 b - 4 scrolls of identify {unknown}
 f - a scroll of holy word {unknown}
 g - a scroll of fog {unknown}
 h - a scroll of teleportation {unknown}
 i - a scroll of immolation {unknown}
 j - a scroll of amnesia {unknown}
 k - a scroll of enchant weapon {unknown}
Potions
 d - a potion of heal wounds {unknown}
 e - a potion of lignification {unknown}


   Skills:
 + Level 1.2 Fighting
 - Level 2.4 Dodging
 - Level 2.4 Stealth
 + Level 4.0 Spellcasting
 + Level 2.2 Conjurations
 + Level 3.9 Fire Magic


You had 10 spell levels left.
You knew the following spells:

 Your Spells              Type           Power      Damage    Failure   Level
a - Foxfire               Conj/Fire      68%        2x1d7     3%          1

Your spell library contained the following spells:

 Spells                   Type           Power      Damage    Failure   Level
 Conjure Flame            Conj/Fire      17%        6-21      10%         3
 Inner Flame              Hex/Fire       12%        N/A       16%         3
 Sticky Flame             Conj/Fire      17%        2d4       32%         4
 Fireball                 Conj/Fire      8%         3d6       67%         5


Dungeon Overview and Level Annotations

Branches:
Dungeon (3/15)

Altars:

Shops:
D:1 :


Message History

You conjure some foxfire!
The orc barely misses you.
Unknown command.
There is not enough space to conjure foxfire!
Unknown command.
There is not enough space to conjure foxfire!
Unknown command.
Unknown command.
Your foxfire dissipates!
The foxfire hits the orc.
The orc is almost dead.
The foxfire hits the orc but does no damage.
The orc is almost dead.
The foxfire hits the orc but does no damage.
The orc is almost dead.
Unknown command.
You conjure some foxfire!
The orc barely misses you.
You conjure some foxfire!
The foxfire hits the orc.
You kill the orc!
The centaur wields a +0 shortbow.
The centaur shoots an arrow.
The arrow barely misses you.
The centaur shoots an arrow.
The arrow barely misses you.
You conjure some foxfire!
The foxfire hits the centaur.
The centaur is lightly wounded.
The foxfire hits the centaur.
The centaur is moderately wounded.
Unknown command.
Your foxfire dissipates!
The foxfire hits the centaur.
The centaur is moderately wounded.
The centaur shoots an arrow.
The arrow hits you!
The centaur shoots an arrow.
The arrow hits you.
The centaur shoots an arrow.
The arrow hits you!
You are too injured to fight recklessly!
You are too injured to fight recklessly!
Unknown command.
Casting: Foxfire (safe; 3% risk of failure)
Confirm with . or Enter, or press ? or * to list all spells.
You conjure some foxfire!
The centaur shoots an arrow.
The arrow hits you!
Ouch! That really hurt!
You die...

#..# ...# .#.# .#.#
##### .#.######### #...#
...........# ####...#
#..........# ##..c...#
...........# ##..##)..#
#..........####v@####o##
.....<.........v..# o..
#...†......####.#.#
..... #..........#
..#... .......
#..........#
.#######.......
#.<........##. .......
###.######### .......
#.# ..#


You could see a centaur (ally target).

Vanquished Creatures
  2 adders
  2 dart slugs
  An orc (D:3)
  7 endoplasms
  2 giant cockroaches
  2 hobgoblins
  7 jackals (D:1)
  2 quokkas
  4 ball pythons
  A bat (D:1)
  2 frilled lizards
  3 goblins
  4 kobolds
  7 rats
46 creatures vanquished.

Vanquished Creatures (others)
  184 foxfires
184 creatures vanquished.

Grand Total: 230 creatures vanquished

Notes
Turn   | Place    | Note
-------+----------+-------------------------------------------
     0 | D:1      | ZappyNine the Deep Elf Fire Elementalist began the quest
                  | for the Orb.
     0 | D:1      | Reached XP level 1. HP: 10/10 MP: 6/6
   405 | D:1      | Found Cisuokk's Book Boutique.
   452 | D:1      | Reached XP level 2. HP: 16/16 MP: 5/8
  1534 | D:1      | Reached XP level 3. HP: 20/20 MP: 6/10
  2106 | D:2      | Found a faded altar of an unknown god.
  2275 | D:2      | Reached skill level 1 in Fighting
  2519 | D:3      | Reached skill level 4 in Spellcasting
  2519 | D:3      | Reached XP level 4. HP: 25/25 MP: 7/12
  2606 | D:3      | Noticed a centaur
  2618 | D:3      | Shot with an arrow by a centaur

Illustrated notes

Levels and vault maps discovered:
D:1:      dpeg_arrival_ratfight, layout_loops_corners, serial_shops,
          nicolae_shop_behind_doors, fountainhead, kennysheep_boxes
D:2:      layout_rooms, ebering_ecumenical_altar_box
D:3:      layout_rooms, nicolae_overflow_crystal_walls, minmay_misc_feat_five,
          uniq_sigmund

Skill      XL: |  1  2  3 |
---------------+----------+-----
Conjurations   | 2 |  2.2
Fighting       | 1 |  1.2
Spellcasting   | 4 |  4.0
Dodging        | |  2.4
Stealth        | |  2.4
Fire Magic     | |  3.9

Action                   |  1- 3 |  4- 6 || total
-------------------------+-------+-------++-------
Melee: Unarmed           |    11 |       ||    11
       Dagger            |    19 |     3 ||    22
 Cast: Foxfire           |   102 |     9 ||   111
 Stab: Sleeping          |     4 |       ||     4
Armor: Robe              |     8 |     1 ||     9
Dodge: Dodged            |    14 |     6 ||    20

Table legend: (Time is in decaauts)
 A = Elapsed time spent in this place.
 B = Non-inter-level travel time spent in this place.
 C = Inter-level travel time spent in this place.
 D = Time resting spent in this place.
 E = Time spent auto-exploring this place.
 F = Levels seen in this place.
 G = Mean time per level.
                   A        B        C        D        E       F      G
               +--------+--------+--------+--------+--------+-----+--------+
         Total |   2617 |   2586 |     31 |    301 |   2008 |   3 |  872.3 |
       Dungeon |   2617 |   2586 |     31 |    301 |   2008 |   3 |  872.3 |
               +--------+--------+--------+--------+--------+-----+--------+

Top non-repeatable levels by time:
     D:1: 1741 daAuts
     D:2: 688 daAuts
     D:3: 187 daAuts
